 Dungeon Crawl Stone Soup version 0.18.1-6-gd335043 (webtiles) character file.

39 mopl the Sneak (level 3, -3/25 HPs)
             Began as a Vampire Transmuter on May 16, 2016.
             Slain by a basilisk (10 damage)
             ... created by the adversity of Qazlal
             ... on level 2 of the Dungeon.
             The game lasted 00:03:40 (2161 turns).

mopl the Sneak (Vampire Transmuter)                 Turns: 2161, Time: 00:03:40

Health: -3/25      AC:  4    Str:  9    XL:     3   Next: 28%
Magic:  6/6        EV:  6    Int: 15    God:
Gold:   138        SH:  0    Dex: 15    Spells: 2 memorised, 3 levels left

rFire  . . .     SeeInvis +     n - +0 long sword
rCold  + + .     Gourm    .     b - +0 robe
rNeg   + + +     Faith    +     (no shield)
rPois  +         Spirit   .     (no helmet)
rElec  .         Dismiss  .     (no cloak)
rCorr  .         Reflect  .     l - +1 pair of gloves
SustAt .         Harm     .     (no boots)
MR     .....                    u - amulet of faith {!P}
Stlth  +++.......               (no ring)
                                (no ring)

@: about to teleport, petrifying (expiring), regenerating slowly, very slow, not
resistant to hostile enchantments, fairly stealthy
A: fangs 3, see invisible, unbreathing
a: Bat Form


You were on level 2 of the Dungeon.
You were near bloodless.

You visited 1 branch of the dungeon, and saw 3 of its levels.

You collected 138 gold pieces.

Inventory:

Hand Weapons
 a - a +0 dagger
 n - a +0 long sword (weapon)
Missiles
 g - 58 arrows
 i - 21 poisoned needles
 j - 3 javelins (quivered)
Armour
 b - a +0 robe (worn)
 l - a +1 pair of gloves (worn)
Jewellery
 s - an uncursed ring of flight {unknown}
 u - an amulet of faith (around neck) {!P}
Wands
 o - a wand of flame (29/48)
Scrolls
 e - 2 scrolls of remove curse
 f - 3 scrolls of enchant armour
 h - 3 scrolls of identify
 p - a scroll of random uselessness {unknown}
 r - a scroll of enchant weapon {unknown}
 t - a scroll of blinking {unknown}
Potions
 d - 4 potions of blood
 k - a potion of magic
 q - a potion of brilliance
 v - a potion of resistance {unknown}
 w - a potion of curing {unknown}
Books
 c - a book of Changes

   Spells                             Type                      Level
   a - Beastly Appendage              Transmutation                1
   b - Sticks to Snakes               Transmutation                2
   c - Spider Form                    Transmutation/Poison         3
   d - Ice Form                       Ice/Transmutation            4
   e - Blade Hands                    Transmutation                5


   Skills:
 - Level 0.8 Fighting
 - Level 1.4(1.6) Short Blades
 + Level 0.8(1.2) Long Blades
 - Level 2.1 Dodging
 * Level 3.6 Stealth
 - Level 3.2 Unarmed Combat
 - Level 2.0 Spellcasting
 - Level 2.1 Transmutations


You had 3 spell levels left.
You knew the following spells:

 Your Spells              Type           Power        Failure   Level  Hunger
a - Beastly Appendage     Trmt           #.....       12%         1    #......
w - Sticks to Snakes      Trmt           #.......     14%         2    ###....


Dungeon Overview and Level Annotations

Branches:
Dungeon (3/15)

Altars:
Cheibriados
Dithmenos
Qazlal


Innate Abilities, Weirdness & Mutations

You heal slowly.
You have razor-sharp teeth.
You have supernaturally acute eyesight.
You can survive without breathing.


Message History

You resist with significant effort.
The basilisk hisses menacingly.
The basilisk bites you!
* * * LOW HITPOINT WARNING * * *
You turn to flesh and can move again.
Unknown command.
Unknown command.
Unknown command.
The basilisk gazes at you.
You are slowing down.
You see here a blackened sapphire ring.
s - a blackened sapphire ring Your limbs are stiffening.
Unknown command.
Read which item? (? for menu, Esc to quit)
As you read the scroll labeled YHO OTHELOUCIE, it crumbles to dust.
You feel strangely unstable.
It was a scroll of teleportation.
The basilisk gazes at you.
Your limbs have turned to stone.
The basilisk bites you!
You die...

#.###(.##.##..# #.##.%..###...#
##.##..()......# ###
...##....E..(#.# #..
(####...)#l..#.# ######.#
.#........#..#.# #......#
.#....###.#..#.# #......# .#....
#.#..#.###########......+ .#....
#.#....l@..#รท.>.........# .#....
#.##...E...#..<.........# .#...
...+.......#............# .###
.##.......###...........
.##.......###.......##.. #######
#.......#.........##.. ......#
#.......#.........##..
#####.######.......#.........##..
.............#######.........##.#


You could see an earth elemental and a basilisk.

Vanquished Creatures
  2 dart slugs
  A giant gecko (D:3)
  4 goblins
  3 hobgoblins (D:1)
  4 kobolds
  10 bats
  6 rats
30 creatures vanquished.

Vanquished Creatures (collateral kills)
  A gnoll (D:1)
  A goblin (D:1)
  A rat (D:1)
3 creatures vanquished.

Grand Total: 33 creatures vanquished

Notes
Turn   | Place    | Note
--------------------------------------------------------------
     0 | D:1      | mopl the Vampire Transmuter began the quest for the Orb.
     0 | D:1      | Reached XP level 1. HP: 14/14 MP: 3/3
   128 | D:1      | Reached skill level 1 in Stealth
   194 | D:1      | Reached skill level 1 in Short Blades
   360 | D:1      | Reached XP level 2. HP: 19/20 MP: 5/5
   377 | D:1      | Reached skill level 2 in Stealth
   784 | D:2      | Learned a level 2 spell: Sticks to Snakes
   884 | D:1      | Reached skill level 3 in Stealth
  1187 | D:2      | Reached XP level 3. HP: 23/25 MP: 6/6
  1203 | D:2      | Found a snail-covered altar of Cheibriados.
  1257 | D:2      | Found a faded altar to an unknown god.
  1263 | D:2      | Became a worshipper of Qazlal Stormbringer
  1263 | D:2      | Reached * piety under Qazlal
  1269 | D:2      | Fell from the grace of Qazlal
  2122 | D:2      | Found a shadowy altar of Dithmenos.
  2142 | D:2      | Noticed an earth elemental
  2142 | D:2      | Noticed a basilisk
  2161 | D:2      | Slain by a basilisk

Skill      XL: |  1  2 |
---------------+-------+-----
Stealth        | 1 3 |  3.6
Short Blades   | 1 |  1.4
Fighting       | |  0.8
Long Blades    | |  0.8
Dodging        | |  2.1
Unarmed Combat | |  3.2
Spellcasting   | |  2.0
Transmutations | |  2.1

Action                   || total
-------------------------++-------
Melee: Unarmed           ||    56
       Bite              ||     8
       Long sword        ||    36
       Punch             ||     1
 Cast: Sticks to Snakes  ||     1
Invok: Renounce Religion ||     1
  Use: Scroll            ||     6
 Stab: Sleeping          ||     6
Armor: Robe              ||    18
Dodge: Dodged            ||    83
